 Dungeon Crawl Stone Soup version 0.31-a0-4-gefa6de2278 (webtiles) character file.

Game seed: 10563151424525074871

6357 Lobster4 the Covert (level 10, 0/58 HPs)
             Began as a Deep Elf Conjurer on May 3, 2023.
             Was an Elder of Vehumet.
             Slain by Fannar
             ... wielding a staff of cold
              (16 damage)
             ... on level 10 of the Dungeon.
             The game lasted 00:30:09 (10403 turns).

Lobster4 the Covert (Deep Elf Conjurer)            Turns: 10403, Time: 00:30:09

Health: 0/58       AC: 12    Str:  6    XL:     10   Next: 65%
Magic:  12/24      EV: 13    Int: 26    God:    Vehumet [****..]
Gold:   310        SH:  5    Dex: 13    Spells: 12/25 levels left

rFire   + . .        h - +3 short sword (venom)
rCold   . . .        q - +0 buckler
rNeg    . . .        M - +0 leather armour {rF+}
rPois   .            I - +1 hat
rElec   .            d - +0 cloak
rCorr   +            m - +1 pair of gloves
SInv    .            J - +0 pair of boots
Will    +....        n - amulet of magic regeneration
Stlth   ++++         t - +4 ring of protection
HPRegen 0.29/turn    B - ring of resist corrosion
MPRegen 0.59/turn

%: no passive effects
@: about to teleport
A: no striking features
a: Renounce Religion


You were on level 10 of the Dungeon.
You worshipped Vehumet.
Vehumet was greatly pleased with you.
You visited 1 branch of the dungeon, and saw 10 of its levels.
You also visited: Ossuary.

You collected 496 gold pieces.
You spent 186 gold pieces at shops.

Inventory:

Hand Weapons
 f - a +0 short sword
 h - a +3 short sword of venom (weapon)
 i - the +5 mace of Massacring {drain, rElec rCorr}
   (You found it on level 3 of the Dungeon)

   rElec:     It insulates you from electricity.
   rCorr:     It protects you from acid and corrosion.
 E - a +2 short sword of holy wrath
Missiles
 k - 6 curare-tipped darts (quivered)
 u - 4 silver javelins
 y - 5 datura-tipped darts
 A - 27 poisoned darts
 H - 8 boomerangs
Armour
 a - a +0 robe
 d - a +0 cloak (worn)
 m - a +1 pair of gloves (worn)
 q - a +0 buckler (worn)
 I - a +1 hat (worn)
 J - a +0 pair of boots (worn)
 M - a +0 leather armour of fire resistance (worn)
Magical Staves
 l - a staff of earth
Jewellery
 n - an amulet of magic regeneration (around neck)
 t - a +4 ring of protection (left hand)
 B - a ring of resist corrosion (right hand)
 C - a ring of ice
 D - an amulet of reflection
Wands
 w - a wand of polymorph (9)
 P - a wand of quicksilver (10)
Scrolls
 e - 5 scrolls of teleportation
 s - a scroll of acquirement {unknown}
 v - 2 scrolls of enchant armour
 z - a scroll of silence
 F - 4 scrolls of poison
 G - a scroll of vulnerability {unknown}
 L - 2 scrolls of immolation
 N - a scroll of magic mapping {unknown}
Potions
 b - 3 potions of magic
 c - 3 potions of mutation {unknown}
 g - 3 potions of berserk rage {unknown}
 j - 2 potions of degeneration {unknown}
 o - 6 potions of curing
 p - 2 potions of invisibility {unknown}
 r - 3 potions of flight
 x - a potion of heal wounds {unknown}
 K - 3 potions of lignification {unknown}
 O - a potion of brilliance {unknown}


   Skills:
 + Level 4.6 Fighting
 - Level 2.0 Short Blades
 - Level 3.0 Throwing
 - Level 3.0 Armour
 + Level 7.3 Dodging
 + Level 8.2 Stealth
 + Level 4.5 Shields
 + Level 8.0 Spellcasting
 + Level 7.7 Conjurations
 + Level 5.2 Translocations
 + Level 2.8 Earth Magic


You had 12 spell levels left.
You knew the following spells:

 Your Spells              Type           Power      Damage    Failure   Level
a - Magic Dart            Conj           100%       1d8       1%          1
b - Searing Ray           Conj           100%       2d8       1%          2
c - Stone Arrow           Conj/Erth      74%        3d11      1%          3
d - Iskenderun's Mystic   Conj/Tloc      44%        2d10      2%          4
e - Teleport Other        Tloc           37%        N/A       4%          3

Your spell library contained the following spells:

 Spells                   Type           Power      Damage    Failure   Level
 Lesser Beckoning         Tloc           74%        N/A       2%          2
 Dazzling Flash           Conj/Hex       60%        N/A       2%          3
 Gell's Gravitas          Tloc           37%        N/A       4%          3
 Fulminant Prism          Conj/Hex       15%        3d10      8%          4
 Frozen Ramparts          Ice            20%        1d4       11%         3
 Slow                     Hex            40%        N/A       14%         1
 Passage of Golubria      Tloc           37%        N/A       16%         4
 Confusing Touch          Hex            10%        N/A       38%         3
 Summon Guardian Golem    Hex/Summ       10%        N/A       38%         3
 Tukima's Dance           Hex            10%        N/A       38%         3
 Vampiric Draining        Necr           10%        2d6       38%         3
 Yara's Violent Unravell  Hex/Tmut       5%         3d4       65%         5
 Orb of Destruction       Conj           25%        9d9       71%         7
 Ice Form                 Ice/Tmut       10%        N/A       80%         4
 Summon Ice Beast         Ice/Summ       10%        N/A       80%         4
 Spellforged Servitor     Conj/Summ      15%        N/A       99%         7


Dungeon Overview and Level Annotations

Branches:
Dungeon (10/15)            Temple (0/1) D:7            Lair (0/5) D:9
    Orc (0/2) D:9         Ossuary (visited)

Altars:
Fedhas
Trog
Uskayaw
Vehumet
Wu Jian
Zin

Shops:
D:7 :   D:8 [=*[(

Annotations:
D:10 Fannar


Message History

Confirm with . or Enter, or press ? or * to list all spells.
Aiming: Stone Arrow (safe; 1% risk of failure)
Press: ? - help, Shift-Dir - straight line, f/p - Fannar
Aim: Fannar, wielding a staff of cold and wearing a +2 robe of cold resistance (lightly wounded, 57% to hit)
The stone arrow misses Fannar.
Fannar hits you with a staff of cold. Fannar freezes you!
Casting: Stone Arrow (safe; 1% risk of failure)
Confirm with . or Enter, or press ? or * to list all spells.
Aiming: Stone Arrow (safe; 1% risk of failure)
Press: ? - help, Shift-Dir - straight line, f/p - Fannar
Aim: Fannar, wielding a staff of cold and wearing a +2 robe of cold resistance (lightly wounded, 57% to hit)
The stone arrow hits Fannar!
Fannar is moderately wounded.
Fannar hits you but does no damage. Fannar freezes you.
Okay, then.
Okay, then.
Casting: Stone Arrow (safe; 1% risk of failure)
Confirm with . or Enter, or press ? or * to list all spells.
Aiming: Stone Arrow (safe; 1% risk of failure)
Press: ? - help, Shift-Dir - straight line, f/p - Fannar
Aim: Fannar, wielding a staff of cold and wearing a +2 robe of cold resistance (moderately wounded, 57% to hit)
The stone arrow hits Fannar.
Fannar is moderately wounded.
Fannar hits you but does no damage. Fannar freezes you!
Casting: Stone Arrow (safe; 1% risk of failure)
Confirm with . or Enter, or press ? or * to list all spells.
Aiming: Stone Arrow (safe; 1% risk of failure)
Press: ? - help, Shift-Dir - straight line, f/p - Fannar
Aim: Fannar, wielding a staff of cold and wearing a +2 robe of cold resistance (moderately wounded, 57% to hit)
The stone arrow hits Fannar!
Fannar is heavily wounded.
Fannar mumbles some strange words.
Fannar drains the heat from the surrounding environment!
* * * LOW HITPOINT WARNING * * *
As you read the scroll of teleportation, it crumbles to dust.
You feel strangely unstable. Fannar barely misses you.
Fannar attacks as you move away! Fannar closely misses you.
Fannar attacks as you move away! Fannar hits you but does no damage.
Fannar freezes you!
You die...

### ### ## #
####8###8###⌠###8#
#.................
#.................
##......@e.........
#...#8###8##...##8#
#...####### ...#
#......# ...8#
#......# ...##
##..#.## ...#
##..#.# ...#
#8..#.##### ...8
##........#


You could see Fannar.

Vanquished Creatures
  A two-headed ogre (D:9)
  An efreet (D:9)
  A hornet (D:8)
  3 wyverns
  A shadow (D:8)
  2 steam dragons
  Menkaure (D:4)
  An acid dragon (D:7)
  2 water moccasins (D:8)
  3 ice beasts
  A sky beast (D:7)
  2 orc warriors
  An ogre (D:5)
  A black bear (D:6)
  2 centaurs
  5 kobold brigands
  2 phantoms
  An elf zombie (Ossuary)
  7 bullfrogs
  2 scorpions
  A gnoll sergeant (D:9)
  9 wights
  3 killer bees (D:8)
  9 howler monkeys
  A centaur zombie (Ossuary)
  A jelly (D:7)
  3 orc priests
  A gnoll bouda (D:7)
  3 hounds
  A sleepcap (D:5)
  An iguana (D:6)
  7 orc wizards
  Natasha (thrice) (D:4)
  2 mummies (Ossuary)
  14 gnolls
  9 adders
  A shadow imp (D:6)
  A white imp (D:5)
  2 adder zombies (Ossuary)
  2 worms
  6 dart slugs
  29 orcs
  12 bats
  12 endoplasms
  6 giant cockroaches
  8 hobgoblins
  5 jackals
  3 quokkas
  6 ball pythons
  A frilled lizard (D:1)
  3 goblins
  2 goblin zombies (Ossuary)
  12 hobgoblin zombies (Ossuary)
  28 kobolds
  11 kobold zombies (Ossuary)
  7 orc zombies (Ossuary)
  9 rats
  A rat zombie (Ossuary)
275 creatures vanquished.

Notes
Turn   | Place    | Note
-------+----------+-------------------------------------------
     0 | D:1      | Lobster4 the Deep Elf Conjurer began the quest for the Orb.
     0 | D:1      | Reached XP level 1. HP: 10/10 MP: 6/6
   153 | D:1      | Reached XP level 2. HP: 15/15 MP: 1/8
   156 | D:1      | Learned a level 2 spell: Searing Ray
   801 | D:1      | Reached XP level 3. HP: 20/20 MP: 7/9
  1432 | D:2      | Reached skill level 1 in Fighting
  1679 | D:2      | Reached XP level 4. HP: 25/25 MP: 7/11
  1906 | D:2      | Found a faded altar of an unknown god.
  2045 | D:2      | Found a hide-covered altar of Uskayaw.
  2055 | D:2      | Reached skill level 1 in Short Blades
  2366 | D:3      | Identified the +5 mace of Massacring {drain, rElec rCorr}
  2535 | D:3      | Found a radiant altar of Vehumet.
  2543 | D:3      | Became a worshipper of Vehumet
  2586 | D:3      | Reached XP level 5. HP: 29/29 MP: 8/12
  2852 | D:4      | Learned a level 4 spell: Iskenderun's Mystic Blast
  2864 | D:4      | Found a hide-covered altar of Uskayaw.
  2892 | D:4      | Noticed Menkaure
  3073 | D:4      | Noticed a phantom
  3086 | D:4      | Found a bloodstained altar of Trog.
  3176 | D:4      | Reached skill level 1 in Throwing
  3342 | D:4      | Reached skill level 1 in Shields
  3342 | D:4      | Reached skill level 5 in Conjurations
  3400 | D:4      | Reached XP level 6. HP: 35/35 MP: 10/14
  3408 | D:4      | Reached * piety under Vehumet
  3408 | D:4      | Offered knowledge of Freeze by Vehumet.
  3631 | D:4      | Reached skill level 1 in Translocations
  3646 | D:4      | Noticed Natasha
  3649 | D:4      | Killed Natasha
  3649 | D:4      | Noticed Natasha
  3654 | D:4      | Killed Natasha
  3818 | D:5      | Entered Level 5 of the Dungeon
  4156 | D:5      | Reached XP level 7. HP: 33/40 MP: 12/15
  4615 | D:5      | Found an ornate altar of the Wu Jian Council.
  4791 | D:6      | Reached skill level 1 in Armour
  4866 | D:6      | Found a sand-covered staircase.
  4878 | Ossuary  | Entered an ossuary
  4932 | Ossuary  | Reached skill level 5 in Stealth
  4956 | Ossuary  | Offered knowledge of Kiss of Death by Vehumet.
  4972 | Ossuary  | Reached ** piety under Vehumet
  5141 | Ossuary  | Reached skill level 5 in Spellcasting
  5315 | D:6      | Reached XP level 8. HP: 40/45 MP: 13/17
  5335 | D:6      | Identified the +2 scale mail "Felo Rou" {Dex+2}
  5356 | D:6      | Offered knowledge of Static Discharge by Vehumet.
  5849 | D:7      | Reached skill level 5 in Dodging
  5916 | D:7      | Found Ymauh's Book Emporium.
  5939 | D:7      | Reached *** piety under Vehumet
  6047 | D:7      | Found a staircase to the Ecumenical Temple.
  6219 | D:7      | Reached XP level 9. HP: 50/50 MP: 16/19
  6320 | D:7      | Found a glowing silver altar of Zin.
  6336 | D:7      | Offered knowledge of Sticky Flame by Vehumet.
  6903 | D:8      | Reached **** piety under Vehumet
  6970 | D:8      | Found Edeps's Armour Shop.
  6980 | D:8      | Bought a +1 hat for 132 gold pieces
  6980 | D:8      | Bought a +0 pair of boots for 54 gold pieces
  6999 | D:8      | Found Jisuteys's Jewellery Boutique.
  7252 | D:8      | Reached skill level 5 in Translocations
  7257 | D:8      | Offered knowledge of Stone Arrow by Vehumet.
  7258 | D:8      | Reached XP level 10. HP: 55/56 MP: 17/22
  7266 | D:8      | Learned a level 3 spell: Stone Arrow
  7283 | D:8      | Found Xiracu's Serpentskin Sales.
  7406 | D:8      | Found a blossoming altar of Fedhas.
  7569 | D:8      | Found Qydaho's Weapon Shop.
  7613 | D:8      | Found Wostruf's Armour Shoppe.
  7891 | D:9      | Reached skill level 1 in Earth Magic
  8214 | D:9      | Noticed a two-headed ogre
  8231 | D:9      | Killed a two-headed ogre
  8270 | D:8      | HP: 1/58 [steam dragon] (4)]
  8564 | D:8      | Learned a level 3 spell: Teleport Other
  8966 | D:9      | Found a staircase to the Lair.
  9005 | D:9      | Found a staircase to the Orcish Mines.
  9869 | D:4      | Noticed Natasha
  9870 | D:4      | Killed Natasha
  9910 | D:4      | Killed Menkaure
 10106 | D:4      | Found a hide-covered altar of Uskayaw.
 10214 | D:4      | Found a bloodstained altar of Trog.
 10373 | D:10     | Entered Level 10 of the Dungeon
 10392 | D:10     | Noticed Fannar
 10403 | D:10     | Slain by Fannar

Illustrated notes

Levels and vault maps discovered:
D:1:      minmay_arrival_radiant_lines, layout_loops_corners,
          minmay_tiny_reverse_x
D:2:      layout_loops_corners, ebering_ecumenical_altar_webs, basic_altar,
          dreamdust_princess_bridge, minmay_close_crescents
D:3:      layout_loops_cross, mainiacjoe_overflow_chevrons
D:4:      layout_loops_corners, nicolae_uskayaw_suspiria, trog_book,
          uniq_natasha, uniq_menkaure
D:5:      layout_basic, nzn_wu_jian_council_hall
D:6:      layout_cave_pools, chequers_ossuary_entry_cave, roderic_batcave,
          kennysheep_generic_room_6
D:7:      kennysheep_six_static_rooms, layout_cave_pools, zin_academy,
          temple_fountains, serial_shops, shop
D:8:      layout_loops_ring, fedhas_bush_and_centaur_altar, serial_shops,
          nicolae_shop_temple_entry_statues_fountains, shop, shop,
          nicolae_shop_rolling_square, minmay_holes, guppyfry_shop_venom
D:9:      layout_cave_pools, lair_entry_dummy, orc_0_dummy
D:10:     layout_rooms, mainiacjoe_overflow_boulevard, serial_corexii_hall,
          corexii_hall_statues_deadend, corexii_hall_statues_u,
          corexii_hall_statues_u, chequers_hall_statues_wall_a,
          corexii_hall_statues_deadend, corexii_hall_statues_t, uniq_fannar

Skill      XL: |  1  2  3  4  5  6  7  8  9 10 |
---------------+-------------------------------+-----
Stealth        | 3 4 5 6 7 8 |  8.2
Fighting       | 1 2 3 4 |  4.6
Dodging        | 3 4 5 6 7 |  7.3
Short Blades   | 1 2 |  2.0
Throwing       | 1 2 3 |  3.0
Shields        | 1 2 3 4 |  4.5
Spellcasting   | 4 5 7 8 |  8.0
Conjurations   | 5 6 7 |  7.7
Translocations | 1 2 3 5 |  5.2
Armour         | 1 2 3 |  3.0
Earth Magic    | 2 |  2.8

Action                     |  1- 3 |  4- 6 |  7- 9 | 10-12 || total
---------------------------+-------+-------+-------+-------++-------
  Melee: Short sword       |     1 |     4 |       |     1 ||     6
  Throw: Dart              |       |       |     1 |     7 ||     8
   Cast: Magic Dart        |    76 |   123 |   150 |    50 ||   399
         Searing Ray       |     4 |    22 |    79 |    38 ||   143
         Stone Arrow       |       |       |       |    13 ||    13
    Use: Scroll            |       |     5 |     5 |     6 ||    16
 Armour: Robe              |     1 |    10 |    37 |    23 ||    71
         Leather armour    |       |       |       |     4 ||     4
  Dodge: Dodged            |     5 |     5 |    62 |    40 ||   112
  Block: Buckler           |       |     2 |    17 |    25 ||    44

Table legend: (Time is in decaauts)
 A = Elapsed time spent in this place.
 B = Non-inter-level travel time spent in this place.
 C = Inter-level travel time spent in this place.
 D = Time resting spent in this place.
 E = Time spent auto-exploring this place.
 F = Levels seen in this place.
 G = Mean time per level.
                   A        B        C        D        E       F      G
               +--------+--------+--------+--------+--------+-----+--------+
         Total |  10412 |   9844 |    568 |    890 |   7144 |  11 |  946.5 |
       Dungeon |  10045 |   9477 |    568 |    861 |   7001 |  10 | 1004.5 |
       Ossuary |    366 |    366 |      0 |     29 |    143 |   1 |  366.0 |
               +--------+--------+--------+--------+--------+-----+--------+

Top non-repeatable levels by time:
     D:4: 2026 daAuts
     D:1: 1370 daAuts
     D:8: 1322 daAuts
     D:7: 1171 daAuts
     D:5: 969 daAuts
     D:9: 870 daAuts
     D:2: 845 daAuts
     D:6: 812 daAuts
     D:3: 627 daAuts
 Ossuary: 366 daAuts
    D:10: 29 daAuts
